AoeStats
← Kanyaga

Arabia

509229270Analyzed
1v1 RM · 6d ago on Sep 26, 2026· 60m 57s· 2 players
Game mode
Random Map
Map size
Tiny (2 player)
Population
200
Speed
Normal
Resources
Standard
Victory
Conquest
Starting age
Dark Age
Ending age
Imperial Age
RankedLock teamsTeams togetherTeam positionsShared explorationLock speedFull tech treeHidden civsTurbo modeCheats
Victory
Defeat
🇹🇷 Persians · Türkiye
1588
+13
🇨🇦 Danes · Canada
1532
-13
Trollexander_the_Great
3:18 Loom
18:43 Feudal Age
19:38 Double-Bit Axe
22:47 Castle Age
20:44 Fletching
20:55 Scale Mail Armor
21:25 Padded Archer Armor
22:05 Forging
21:43 Arson
24:18 Bow Saw
24:12 Bodkin Arrow
24:32 Chain Mail Armor
24:17 Horse Collar
25:01 Leather Archer Armor
25:25 Elite Skirmisher
30:51 Wheelbarrow
31:55 Squires
32:24 Ballistics
33:41 Hamask
37:36 Iron Casting
43:25 Imperial Age
43:31 Hand Cart
43:14 Town Watch
44:37 Conscription
45:10 Plate Mail Armor
45:13 Elite Jomsviking
47:10 Hoardings
Kanyaga
6:10 Loom
8:26 Feudal Age
8:56 Double-Bit Axe
19:02 Wheelbarrow
23:02 Castle Age
21:17 Horse Collar
21:29 Gold Mining
22:03 Bloodlines
22:14 Scale Barding Armor
22:56 Forging
23:59 Bow Saw
24:34 Heavy Plow
26:18 Parthian Tactics
27:02 Fletching
28:45 Thumb Ring
30:33 Siphons
30:54 Ballistics
31:45 Bodkin Arrow
31:55 Padded Archer Armor
36:35 Hand Cart
37:41 Squires
37:43 Scale Mail Armor
40:40 Town Watch
44:47 Imperial Age
42:51 Chain Barding Armor
43:17 Leather Archer Armor
42:27 Man-at-Arms
43:35 Husbandry
45:24 Iron Casting
44:53 Cavalier
46:06 Ring Archer Armor
46:57 Plate Barding Armor
47:51 Blast Furnace
47:20 Arson
48:47 Heavy Cavalry Archer
51:28 Two-Man Saw
51:38 Chemistry
51:38 Town Patrol
51:54 Chain Mail Armor
53:00 Conscription
53:07 Guilds
54:04 Elite War Elephant
54:59 Citadels
56:34 Murder Holes
56:49 Masonry
58:33 Plate Mail Armor
57:25 Pikeman
57:51 Arson
58:56 Crop Rotation
58:28 Spies/Treason
Connection lost

Rejoining the realm…

Still unreachable

The connection could not be restored.

Session expired

The server has moved on; the page needs a fresh start.